 Dungeon Crawl Stone Soup version 0.31.0-32-g396128a36d (webtiles) character file.

Game seed: 14733887002562243753

42 tizbic2 the Grave Robber (level 3, -4/25 HPs)
             Began as a Demonspawn Necromancer on Mar 18, 2024.
             Slain by a hobgoblin (5 damage)
             ... on level 2 of the Dungeon.
             The game lasted 00:04:49 (930 turns).

tizbic2 the Grave Robber (Demonspawn Necromancer)    Turns: 930, Time: 00:04:51

Health: -4/25      AC:  2    Str: 10    XL:     3   Next: 33%
Magic:  1/6        EV: 12    Int: 15    God:
Gold:   79         SH:  4    Dex: 13    Spells: 3/7 levels left

rFire   . . .        d - +0 short sword
rCold   . . .        (no shield)
rNeg    . . .        a - +0 robe
rPois   .            (helmet restricted)
rElec   .            (no cloak)
rCorr   .            (no gloves)
SInv    .            (no boots)
Will    .....        (no amulet)
Stlth   ++           (no ring)
HPRegen 0.24/turn    (no ring)
MPRegen 0.10/turn

%: no passive effects
@: very slightly contaminated
A: horns 1, condensation shield
a: no special abilities


You were on level 2 of the Dungeon.
You visited 1 branch of the dungeon, and saw 2 of its levels.

You collected 79 gold pieces.

Inventory:

Hand Weapons
 d - a +0 short sword (weapon)
 h - a +0 mace
Missiles
 c - 2 javelins
 i - 6 atropa-tipped darts
 j - 3 poisoned darts
 l - 3 boomerangs
Armour
 a - a +0 robe (worn)
Scrolls
 e - 2 scrolls of vulnerability {unknown}
 f - a scroll of silence {unknown}
 g - a scroll of noise {unknown}
 k - a scroll of identify {unknown}
Potions
 b - a potion of magic


   Skills:
 + Level 0.4 Fighting
 + Level 2.2 Dodging
 - Level 2.0 Stealth
 * Level 2.5 Spellcasting
 + Level 4.7 Necromancy
 + Level 0.7 Invocations


You had 3 spell levels left.
You knew the following spells:

 Your Spells              Type           Power      Damage    Failure   Level
a - Necrotise             Necr           64%        1d7       3%          1
b - Vampiric Draining     Necr           16%        2d7       9%          3

Your spell library contained the following spells:

 Spells                   Type           Power      Damage    Failure   Level
 Slow                     Hex            4%         N/A       22%         1
 Confusing Touch          Hex            1%         N/A       54%         3
 Sigil of Binding         Hex            1%         N/A       54%         3
 Animate Dead             Necr           16%        N/A       30%         4
 Curse of Agony           Necr           16%        N/A       63%         5


Dungeon Overview and Level Annotations

Branches:
Dungeon (2/15)

Altars:

Annotations:
D:2 Robin, Sigmund


Innate Abilities, Weirdness & Mutations

You have a pair of small horns on your head.
A meltable shield of frost defends you. (SH +4)


Message History

The goblin hits you with a +0 dagger. Robin throws the goblin at you!
The hobgoblin misses you. The goblin misses you.
The goblin hits you with a +0 dagger.
* * * LOW HITPOINT WARNING * * *
Casting: Necrotise (safe; 3% risk of failure)
Confirm with . or Enter, or press ? or * to list all spells.
Aiming: Necrotise (safe; 3% risk of failure)
Press: ? - help, Shift-Dir - straight line, f/p - Robin
Aim: Robin, wielding a +0 club, wearing a +1 animal skin and wearing a +0 helmet (almost dead, chance to affect: 80%)
The hobgoblin writhes in agony.
The goblin barely misses you. The goblin hits you but does no damage.
The goblin hits you with a +0 dagger.
* * * LOW HITPOINT WARNING * * *
Magic courses through your body. The goblin closely misses you.
Robin roars a battlecry!
The hobgoblin goes into a battle-frenzy!
The hobgoblin closely misses you. The goblin completely misses you.
You block the goblin's attack.
You hear an angry hiss.
Casting: Necrotise (safe; 3% risk of failure)
Confirm with . or Enter, or press ? or * to list all spells.
Aiming: Vampiric Draining (quite dangerous; 9% risk of failure)
Press: ? - help, Shift-Dir - straight line, f - goblin, p - Robin
Aim: a goblin, wielding a +0 dagger (strong)
You draw life force from the goblin!
You kill the goblin!
You feel life coursing into your body. The bat hits you but does no damage.
A frilled lizard comes into view.
The goblin closely misses you. The hobgoblin barely misses you.
The bat hits you but does no damage. The goblin hits you with a +0 dagger.
* * * LOW HITPOINT WARNING * * *
Casting: Vampiric Draining (quite dangerous; 9% risk of failure)
Confirm with . or Enter, or press ? or * to list all spells.
Aiming: Vampiric Draining (quite dangerous; 9% risk of failure)
Press: ? - help, Shift-Dir - straight line, f - goblin
Aim: a goblin, wielding a +0 dagger (strong)
You miscast Vampiric Draining.
You are very lightly contaminated with residual magic.
Nothing appears to happen.
The bat closely misses you. The goblin barely misses you.
The hobgoblin hits you.
You die...

##. #. ... ##. ..l.
### #.. ....g'..#
##.# .....##'## #..#
.....ggg.# #.##
.......g.# ##.#
#..ggb# #..#
#####@############.##
#gg............#
#..............#
##............##
#......)######
#.......###
###..>....# #...#.#.#
#.....#.#


You could see Robin, 4 hobgoblins, 4 goblins, a bat and a frilled lizard.

Vanquished Creatures
  An adder (D:2)
  A dart slug (D:2)
  2 ball pythons (D:1)
  2 bats (D:1)
  3 endoplasms (D:1)
  2 giant cockroaches (D:1)
  4 goblins
  2 hobgoblins
  A frilled lizard (D:1)
  2 kobolds
  4 rats (D:1)
24 creatures vanquished.

Vanquished Creatures (collateral kills)
  An endoplasm (D:1)
  2 rats
3 creatures vanquished.

Grand Total: 27 creatures vanquished

Notes
Turn   | Place    | Note
-------+----------+-------------------------------------------
     0 | D:1      | tizbic2 the Demonspawn Necromancer began the quest for the
                  | Orb.
     0 | D:1      | Reached XP level 1. HP: 13/13 MP: 3/3
   152 | D:1      | Gained mutation: A meltable shield of frost defends you.
                  | (SH +4) [demonic ancestry]
   152 | D:1      | Reached XP level 2. HP: 18/19 MP: 1/5
   646 | D:2      | Gained mutation: You have a pair of small horns on your
                  | head. [demonic ancestry]
   646 | D:2      | Reached XP level 3. HP: 25/25 MP: 1/6
   659 | D:2      | Noticed Sigmund
   712 | D:2      | Noticed Robin
   918 | D:2      | Learned a level 3 spell: Vampiric Draining
   929 | D:2      | HP: 1/25 [goblin/+0 dagger[Robin] (3)]
   930 | D:2      | Slain by a hobgoblin

Illustrated notes

Levels and vault maps discovered:
D:1:      minmay_arrival_stair_chambers, layout_rooms
D:2:      minmay_spotlight, layout_basic, serial_shops,
          nicolae_shop_temple_entry_statues_fountains, shop, uniq_sigmund,
          uniq_robin

Skill      XL: |  1 |
---------------+----+-----
Dodging        | 2 |  2.2
Stealth        | 2 |  2.0
Fighting       | |  0.4
Spellcasting   | |  2.5
Necromancy     | |  4.7
Invocations    | |  0.7

Action                     || total
---------------------------++-------
  Melee: Short sword       ||    52
         Unarmed           ||     6
         Punch             ||     2
         Headbutt          ||     4
   Cast: Necrotise         ||    19
         Vampiric Draining ||     1
    Use: Potion            ||     1
   Stab: Sleeping          ||     2
 Armour: Robe              ||    35
  Dodge: Dodged            ||    46
  Block: Other             ||     9
